[Event "Titled Tuesday Blitz May 23 Late 2023"]
[White "Janaszak, Dawid"]
[Black "Svane, Frederik"]
[WhiteFideId "1119206"]
[BlackFideId "12923044"]
[WhiteElo "2220"]
[BlackElo "2502"]
[Result "1/2-1/2"]
[Round "01"]
[TimeControl "180+2"]
[Date "2023.05.23"]
[WhiteClock "0:00:08"]
[BlackClock "0:00:22"]

1. e4 e6 2. b3 d5 3. Bb2 Nf6 4. d3 Be7 5. Nd2 O-O 6. Qe2 a5 7. e5 Nfd7 8. g3 a4 9. Bg2 c5 10. f4 Nc6 11. Ngf3 Nb4 12. Nb1 b5 13. O-O Bb7 14. f5 exf5 15. e6 fxe6 16. Qxe6+ Kh8 17. Na3 Ra6 18. Qe2 d4 19. Nxb5 Bf6 20. bxa4 Nd5 21. Bc1 Re8 22. Qf2 Ne3 23. Re1 Nxg2 24. Rxe8+ Qxe8 25. Nc7 Qc8 26. Nxa6 Ne3 27. Rb1 Bxa6 28. Bxe3 dxe3 29. Qxe3 Bb7 30. Rxb7 h6 31. Ra7 Qc6 32. Qe8+ Kh7 33. Kf2 c4 34. Qxd7 Qb6+ 35. d4 Kg6 36. Nh4+ Bxh4 37. gxh4 Qf6 38. h5+ Kh7 39. Qf7 Qh4+ 40. Ke3 Qe4+ 41. Kf2 Qf4+ 42. Ke2 Qe4+ 43. Kf1 Qf3+ 44. Kg1 Qe3+ 45. Kf1 Qf3+ 46. Ke1 Qe3+ 47. Kd1 Qxd4+ 48. Ke2 Qe4+ 49. Kf2 Qf4+ 50. Ke2 Qe4+ 51. Kd2 Qd4+ 52. Kc1 Qa1+ 53. Kd2 Qd4+ 54. Ke2 Qe4+ 1/2-1/2


[Site "https://www.chess.com"]

[Event "Titled Tuesday Blitz May 23 Late 2023"]
[White "Rasulov, Vugar"]
[Black "Kim, Sergey"]
[WhiteFideId "13402390"]
[BlackFideId "13700570"]
[WhiteElo "2509"]
[BlackElo "2493"]
[Result "1-0"]
[Round "01"]
[TimeControl "180+2"]
[Date "2023.05.23"]
[WhiteClock "0:00:51"]
[BlackClock "0:00:27"]

1. d4 Nf6 2. c4 g6 3. Nc3 d6 4. e4 Bg7 5. h3 O-O 6. Be3 e5 7. d5 a5 8. Nge2 Na6 9. g4 Nc5 10. Ng3 Bd7 11. Be2 a4 12. Qc2 c6 13. g5 Ne8 14. h4 Nc7 15. h5 cxd5 16. exd5 N7a6 17. Qd2 Rc8 18. O-O-O a3 19. b3 b5 20. Kb1 bxc4 21. Bxc4 Rb8 22. f3 Rb4 23. Bxa6 Nxa6 24. Nce4 Qb8 25. Rc1 Rc8 26. Ka1 Nc5 27. Bxc5 dxc5 28. hxg6 hxg6 29. Nf6+ Bxf6 30. gxf6 1-0


[Site "https://www.chess.com"]

[Event "Titled Tuesday Blitz May 23 Late 2023"]
[White "Santos Flores, Alberto"]
[Black "Zakhartsov, Vladimir"]
[WhiteFideId "3601234"]
[BlackFideId "4145097"]
[WhiteElo "2235"]
[BlackElo "2495"]
[Result "1/2-1/2"]
[Round "01"]
[TimeControl "180+2"]
[Date "2023.05.23"]
[WhiteClock "0:00:28"]
[BlackClock "0:00:14"]

1. d4 g6 2. e4 Bg7 3. Nc3 a6 4. Nf3 b5 5. Be3 Bb7 6. Bd3 d6 7. Qd2 Nd7 8. d5 c5 9. dxc6 Bxc6 10. Nd4 Bb7 11. f3 Rc8 12. O-O-O h5 13. Kb1 Ngf6 14. h4 Nb6 15. e5 dxe5 16. Ne6 Nc4 17. Bxc4 Qxd2 18. Rxd2 bxc4 19. Nxg7+ Kf8 20. Ne6+ fxe6 21. Re1 Nd5 22. Ne4 Nxe3 23. Rxe3 Bxe4 24. Rxe4 Rc5 25. Rde2 Kf7 26. Rxe5 Rd8 27. Kc1 Rcd5 28. Re1 R8d6 29. Rxd5 exd5 30. c3 Kf6 31. b4 e5 32. a4 d4 33. Kd2 Kf5 34. Re4 Rd5 35. g4+ Kf6 36. gxh5 gxh5 37. f4 Kf5 38. Rxe5+ Rxe5 39. fxe5 Kxe5 40. cxd4+ Kxd4 41. Kc2 c3 42. b5 axb5 43. axb5 Kc5 44. Kxc3 Kxb5 45. Kd4 Kc6 46. Ke5 Kd7 47. Kf6 Ke8 48. Kg6 Kf8 49. Kxh5 Kg8 50. Kg6 Kh8 51. h5 Kg8 52. h6 Kh8 53. h7 1/2-1/2


[Site "https://www.chess.com"]

[Event "Titled Tuesday Blitz May 23 Late 2023"]
[White "Babazada, Khazar"]
[Black "Le Goff, Ronan"]
[WhiteFideId "13413554"]
[BlackFideId "612073"]
[WhiteElo "2351"]
[BlackElo "2275"]
[Result "1-0"]
[Round "01"]
[TimeControl "180+2"]
[Date "2023.05.23"]
[WhiteClock "0:01:30"]
[BlackClock "0:00:57"]

1. e4 e5 2. Nf3 Nc6 3. Bb5 Nf6 4. Bd3 Bc5 5. O-O O-O 6. Nc3 d6 7. h3 a6 8. a3 h6 9. Bc4 Be6 10. d3 Nd4 11. Be3 c6 12. Bxe6 fxe6 13. Bxd4 exd4 14. Ne2 e5 15. c3 dxc3 16. bxc3 Kh8 17. Ng3 b5 18. d4 exd4 19. cxd4 Bb6 20. Qc2 Qd7 21. Nh4 Rfe8 22. Rad1 Rad8 23. Rfe1 c5 24. dxc5 Bxc5 25. e5 Nh7 26. Ngf5 Ng5 27. Ng6+ Kh7 28. h4 Bxf2+ 29. Kxf2 Rf8 30. e6 Qa7+ 31. Kg3 Rf6 32. hxg5 Rxg6 33. Nh4 1-0


[Site "https://www.chess.com"]

[Event "Titled Tuesday Blitz May 23 Late 2023"]
[White "Samani, Yamac"]
[Black "Dardha, Daniel"]
[WhiteFideId "6352634"]
[BlackFideId "240990"]
[WhiteElo "2267"]
[BlackElo "2581"]
[Result "1-0"]
[Round "01"]
[TimeControl "180+2"]
[Date "2023.05.23"]
[WhiteClock "0:00:10"]
[BlackClock "0:00:04"]

1. c3 e5 2. d4 exd4 3. cxd4 Nf6 4. Nc3 d5 5. Bf4 Be7 6. e3 O-O 7. h3 Bf5 8. Nf3 c6 9. Nh4 Be6 10. Bd3 Nbd7 11. Nf5 Bb4 12. O-O Re8 13. Qb3 Qb6 14. Na4 Qa5 15. Nd6 Bxd6 16. Bxd6 Ne4 17. Qb4 Qxb4 18. Bxb4 Nb6 19. Nc5 Nxc5 20. Bxc5 Nd7 21. Bd6 Nf6 22. b4 Ne4 23. Bxe4 dxe4 24. a4 a6 25. Rab1 Bc4 26. Rfc1 b5 27. a5 f6 28. Bh2 Kf7 29. Rc3 Ke6 30. f3 Kd5 31. Kf2 Re7 32. f4 h5 33. Rg1 h4 34. Ke1 Rg8 35. g4 hxg3 36. Rxg3 Ke6 37. Rc2 g6 38. Rcg2 Kf5 39. Rg1 Rh7 40. R1g2 Rh6 41. Bg1 Rgh8 42. Bf2 Bf7 43. Rh2 Ke6 44. Kd2 Ke7 45. Ke1 Be6 46. h4 Rxh4 47. Rxh4 Rxh4 48. Rxg6 Rh1+ 49. Rg1 Rh7 50. Kd2 Kd6 51. Bg3 Bf5 52. Ke2 Rh3 53. Kf2 Kd7 54. Rc1 Be6 55. Rc5 Bd5 56. Rc1 Ke6 57. Kg2 Rh7 58. Rc2 Bc4 59. Rc1 Kd5 60. Rc2 Rg7 61. Rc1 f5 62. Kf2 Rf7 63. Kg2 Rh7 64. Kf2 Rh8 65. Kg2 Ke6 66. Kf2 Bd5 67. Kg2 Kf6 68. Kf2 Rh7 69. Kg2 Kg6 70. Kf2 Rh8 71. Kg2 Rg8 72. Kf2 Kf7 73. Kg2 Bc4 74. Kf2 Ke6 75. Kg2 Kd5 76. Kf2 Rf8 77. Kg2 Bd3 78. Kf2 Rf7 79. Kg2 Kd6 80. Kf2 Rh7 81. Kg2 Be2 82. Kf2 Bf3 83. Rc5 Rh1 84. Rxf5 Rb1 85. Rf6+ Kd5 86. f5 Rb2+ 87. Ke1 Re2+ 88. Kf1 Rxe3 89. Rd6+ Kc4 90. Rxc6+ Kd3 91. Be1 Re2 92. Bf2 e3 93. Bxe3 Kxe3 94. Re6+ Kd3 95. Rxe2 Bxe2+ 96. Kf2 Bh5 97. d5 Bg4 98. f6 Kc4 99. f7 Kxb4 100. f8=Q+ Ka4 101. Qf4+ b4 102. Qxg4 Ka3 103. Qc4 b3 104. Qxa6 Kb2 105. Qb6 Ka1 106. a6 b2 107. a7 Ka2 108. a8=Q+ Kb1 109. Qab8 Kc2 110. Qxb2+ Kd1 111. Q8b3# 1-0


[Site "https://www.chess.com"]

[Event "Titled Tuesday Blitz May 23 Late 2023"]
[White "Zhigalko, Sergei"]
[Black "Blitz"]
[WhiteFideId "13502956"]
[WhiteElo "2626"]
[BlackElo "2487"]
[Result "1-0"]
[Round "01"]
[TimeControl "180+2"]
[Date "2023.05.23"]
[WhiteClock "0:00:30"]
[BlackClock "0:00:10"]

1. e4 c5 2. Nf3 d6 3. d4 cxd4 4. Qxd4 Nc6 5. Bb5 Bd7 6. Bxc6 Bxc6 7. Nc3 Nf6 8. Bg5 e6 9. O-O-O Be7 10. Rhe1 O-O 11. Kb1 Qa5 12. Qd2 Kh8 13. Nd4 Bd7 14. e5 Nd5 15. Bxe7 Nxe7 16. exd6 Ng6 17. Ne4 Qb6 18. h4 Ne5 19. Nb3 Nc4 20. Qd4 Qb5 21. Nec5 Bc6 22. a4 Qb4 23. c3 Na3+ 24. Ka2 Qxd4 25. Nxd4 Nc4 26. Nxc6 bxc6 27. d7 Rab8 28. b3 Nb6 29. Rd6 Nd5 30. c4 Ne7 31. Red1 Rfd8 32. Ka3 Kg8 33. g4 Kf8 34. h5 f5 35. Nxe6+ 1-0


[Site "https://www.chess.com"]

[Event "Titled Tuesday Blitz May 23 Late 2023"]
[White "Petrovic, Aleksa"]
[Black "Sanal, Vahap"]
[WhiteFideId "967629"]
[BlackFideId "6300545"]
[WhiteElo "2309"]
[BlackElo "2606"]
[Result "0-1"]
[Round "01"]
[TimeControl "180+2"]
[Date "2023.05.23"]
[WhiteClock "0:00:02"]
[BlackClock "0:01:07"]

1. d4 d6 2. Nf3 c5 3. d5 g6 4. c4 Bg7 5. e4 Bg4 6. Nc3 Nf6 7. Bd3 O-O 8. O-O Nbd7 9. h3 Bxf3 10. Qxf3 Ne5 11. Qe2 Nxd3 12. Qxd3 Nd7 13. Bf4 a6 14. Bh2 Qa5 15. f4 b5 16. Rae1 Qb4 17. cxb5 Qxb2 18. e5 axb5 19. Re2 Qa3 20. Qxb5 Qxc3 21. Qxd7 Qd4+ 22. Kh1 Qc4 23. Rfe1 Rxa2 24. Rxa2 Qxa2 25. exd6 exd6 26. Qxd6 Qd2 27. Bg3 c4 28. f5 c3 29. f6 Bh6 30. Qc5 c2 31. Kh2 c1=Q 0-1


[Site "https://www.chess.com"]

[Event "Titled Tuesday Blitz May 23 Late 2023"]
[White "Xiong, Jeffery"]
[Black "Eynullayev, Atilla"]
[WhiteFideId "2047640"]
[BlackFideId "13413570"]
[WhiteElo "2726"]
[BlackElo "2181"]
[Result "1-0"]
[Round "01"]
[TimeControl "180+2"]
[Date "2023.05.23"]
[WhiteClock "0:02:20"]
[BlackClock "0:00:04"]

1. e4 c5 2. Nf3 e6 3. c3 Nf6 4. Bd3 d5 5. e5 c4 6. Bc2 Nfd7 7. d4 cxd3 8. Qxd3 Nc6 9. Bf4 Qb6 10. b4 a5 11. b5 Ne7 12. a4 Ng6 13. Bg3 Be7 14. h4 h5 15. Qe2 Nc5 16. Nbd2 Qc7 17. O-O b6 18. Nd4 Nxh4 19. Nc6 Nf5 20. Bxf5 exf5 21. e6 f4 22. exf7+ Kxf7 23. Bxf4 Qxf4 24. Qxe7+ Kg6 25. Nf3 Bg4 26. Nce5+ Kh7 27. Ng5+ Kg8 28. Ng6 Qf6 29. Qxf6 gxf6 30. Nxh8 fxg5 31. Ng6 Nd3 32. f3 Bd7 33. Rfd1 1-0


[Site "https://www.chess.com"]

[Event "Titled Tuesday Blitz May 23 Late 2023"]
[White "Guliev, Logman"]
[Black "Durarbayli, Vasif"]
[WhiteFideId "13400061"]
[BlackFideId "13402935"]
[WhiteElo "2128"]
[BlackElo "2551"]
[Result "0-1"]
[Round "01"]
[TimeControl "180+2"]
[Date "2023.05.23"]
[WhiteClock "0:00:00"]
[BlackClock "0:00:06"]

1. e4 c5 2. Nf3 d6 3. d4 cxd4 4. Nxd4 Nf6 5. Nc3 Nc6 6. Bg5 Qb6 7. Nb3 e6 8. Qd2 a6 9. O-O-O Be7 10. Kb1 O-O 11. f3 Rd8 12. g4 Qc7 13. Be3 b5 14. Qf2 Nd7 15. h4 Nce5 16. g5 Bb7 17. h5 b4 18. Na4 Rab8 19. Nb6 Nf8 20. g6 fxg6 21. hxg6 hxg6 22. Bd4 Bf6 23. Be2 g5 24. Rh2 Nfg6 25. Rdh1 Kf7 26. Bf1 Rh8 27. Bh3 Rh4 28. Be3 Rbh8 29. Nd4 Nf8 30. Na4 Bc8 31. Qg3 Bd7 32. Bxg5 Bxg5 33. Qxg5 Rxh3 34. Rxh3 Rxh3 35. Rxh3 Bxa4 36. f4 Nc6 37. Nf3 Ne7 38. Rh2 Ke8 39. Qg6+ Nexg6 0-1


[Site "https://www.chess.com"]

[Event "Titled Tuesday Blitz May 23 Late 2023"]
[White "Cordova, Emilio"]
[Black "Przybylski, Wojciech"]
[WhiteFideId "3801497"]
[BlackFideId "1117599"]
[WhiteElo "2607"]
[BlackElo "2222"]
[Result "1-0"]
[Round "01"]
[TimeControl "180+2"]
[Date "2023.05.23"]
[WhiteClock "0:00:42"]
[BlackClock "0:00:05"]

1. Nf3 Nf6 2. c4 e6 3. g3 b6 4. Bg2 Bb7 5. O-O Be7 6. Nc3 c5 7. Re1 Nc6 8. e4 d6 9. d4 cxd4 10. Nxd4 Nxd4 11. Qxd4 Qc8 12. b3 O-O 13. Ba3 Rd8 14. Rad1 Ne8 15. h4 Bf6 16. Qe3 Qc6 17. f4 Rd7 18. Re2 Be7 19. g4 a6 20. Bb4 b5 21. cxb5 axb5 22. g5 Nc7 23. Rc1 Qa6 24. f5 exf5 25. exf5 Bxg2 26. Kxg2 Qb7+ 27. Qf3 Na6 28. Qxb7 Rxb7 29. Nd5 Bf8 30. Be1 Nc5 31. Rd1 Rba7 32. Rdd2 Nd7 33. Bg3 Ne5 34. Bxe5 dxe5 35. Nb6 Re8 36. Kf3 Bc5 37. Nd7 Bb4 38. Rd5 Bc3 39. f6 b4 40. fxg7 Kxg7 41. Nf6 Rea8 42. Kg4 h6 43. Rc5 hxg5 44. hxg5 Bd4 45. Rc4 Bc3 46. Rh2 Rxa2 47. Rh7+ Kg6 48. Rh6+ Kg7 49. Nh5+ Kg8 50. Rc7 Rg2+ 51. Kf5 Rf2+ 52. Ke4 Kf8 53. Rh8# 1-0


[Site "https://www.chess.com"]

[Event "Titled Tuesday Blitz May 23 Late 2023"]
[White "Seletsky, Grigory"]
[Black "Keymer, Vincent"]
[WhiteFideId "14112191"]
[BlackFideId "12940690"]
[WhiteElo "2491"]
[BlackElo "2669"]
[Result "1/2-1/2"]
[Round "01"]
[TimeControl "180+2"]
[Date "2023.05.23"]
[WhiteClock "0:00:16"]
[BlackClock "0:00:02"]

1. e4 c6 2. d4 d5 3. e5 Bf5 4. Be3 Qb6 5. Qc1 e6 6. Nd2 c5 7. Nb3 c4 8. Nd2 Nc6 9. c3 Rc8 10. Be2 h6 11. Ngf3 Nge7 12. O-O Bh7 13. Bd1 Nf5 14. Bc2 Be7 15. g4 Nxe3 16. fxe3 Bxc2 17. Qxc2 O-O 18. Kg2 f6 19. exf6 Bxf6 20. e4 Qc7 21. e5 Bd8 22. Qg6 Qf7 23. Nh4 Qxg6 24. Nxg6 Re8 25. h4 Ne7 26. h5 Rc6 27. Nf3 Nxg6 28. hxg6 Rb6 29. Rf2 Rf8 30. Raf1 Be7 31. Kg3 a5 32. Ng1 a4 33. a3 Rb3 34. Rxf8+ Bxf8 35. Rf2 b5 36. Rc2 b4 37. axb4 Bxb4 38. Ne2 a3 39. bxa3 Bxa3 40. Kf3 Kf8 41. Ke3 Ke7 42. Kd2 Kd7 43. Ra2 Be7 44. Ra7+ Kd8 45. Ra8+ Kd7 46. Ra7+ Kd8 47. Ra8+ Kd7 48. Ra7+ 1/2-1/2


[Site "https://www.chess.com"]

[Event "Titled Tuesday Blitz May 23 Late 2023"]
[White "Grigoriants, Sergey"]
[Black "Toropov, Pavel"]
[WhiteFideId "4130804"]
[BlackFideId "24129178"]
[WhiteElo "2502"]
[BlackElo "2182"]
[Result "1-0"]
[Round "01"]
[TimeControl "180+2"]
[Date "2023.05.23"]
[WhiteClock "0:00:39"]
[BlackClock "0:00:48"]

1. d4 d5 2. c4 c6 3. Nc3 Nf6 4. e3 g6 5. Nf3 Bg7 6. Be2 O-O 7. O-O Bg4 8. h3 Bxf3 9. Bxf3 e6 10. b3 Re8 11. Bb2 Nbd7 12. g3 a5 13. Bg2 Bf8 14. Qe2 Bg7 15. Rad1 Qe7 16. Rfe1 Rad8 17. f4 Ra8 18. g4 Red8 19. a3 Rac8 20. Rf1 Re8 21. Bf3 Red8 22. Rf2 Kh8 23. h4 Kg8 24. Rh2 Ne8 25. h5 Nd6 26. hxg6 hxg6 27. Kg2 Nf6 28. Rdh1 Nfe4 29. Bxe4 Nxe4 30. Nxe4 dxe4 31. g5 Qd6 32. Rh7 Kf8 33. Qc2 c5 34. Rxg7 Kxg7 35. dxc5+ e5 36. cxd6 1-0


[Site "https://www.chess.com"]

[Event "Titled Tuesday Blitz May 23 Late 2023"]
[White "Dragomirescu, Robin-Alexandru"]
[Black "Drygalov, Sergey"]
[WhiteFideId "1213849"]
[BlackFideId "24171743"]
[WhiteElo "2356"]
[BlackElo "2533"]
[Result "0-1"]
[Round "01"]
[TimeControl "180+2"]
[Date "2023.05.23"]
[WhiteClock "0:00:05"]
[BlackClock "0:00:20"]

1. b3 e5 2. Bb2 Nc6 3. e3 Nf6 4. Nf3 e4 5. Nd4 Nxd4 6. Bxd4 d5 7. c4 dxc4 8. Bxc4 Bd6 9. Nc3 Bf5 10. f3 c5 11. Bxf6 Qxf6 12. Bb5+ Kf8 13. O-O Qh4 14. f4 h5 15. d3 Bg4 16. Qd2 exd3 17. Qxd3 Rd8 18. Qe4 Qe7 19. h3 Qxe4 20. Nxe4 Bf5 21. Nxd6 Rxd6 22. Rad1 Ke7 23. Rxd6 Kxd6 24. Rd1+ Kc7 25. Bc4 f6 26. Rd5 Be4 27. Rxc5+ Kd6 28. Ra5 a6 29. Kf2 h4 30. Be2 Rc8 31. Ra4 Bb1 32. Rd4+ Ke7 33. Rd2 Rc3 34. Bf3 b5 35. Ke2 b4 36. Bd5 a5 37. Bc4 Be4 38. Kf2 Rc1 39. g3 Rh1 40. gxh4 Rh2+ 41. Ke1 Rxh3 42. Re2 Rxh4 43. Kd2 Rh1 44. Bd3 Bc6 45. e4 g5 46. fxg5 fxg5 47. Ke3 Rh3+ 48. Kd4 Rxd3+ 49. Kxd3 Bb5+ 50. Ke3 Bxe2 51. Kxe2 Kd6 52. Kf3 Ke5 53. Kg4 Kxe4 54. Kxg5 Kd3 55. Kf5 Kc2 56. Ke4 Kb2 57. Kd3 Kxa2 58. Kc2 Ka3 0-1


[Site "https://www.chess.com"]

[Event "Titled Tuesday Blitz May 23 Late 2023"]
[White "Baskakov, Egor"]
[Black "Srdanovic, Jovana"]
[WhiteFideId "24197866"]
[BlackFideId "954810"]
[WhiteElo "2225"]
[BlackElo "2169"]
[Result "1-0"]
[Round "01"]
[TimeControl "180+2"]
[Date "2023.05.23"]
[WhiteClock "0:01:27"]
[BlackClock "0:00:06"]

1. e4 c6 2. d4 d5 3. e5 Bf5 4. Ne2 e6 5. Ng3 Bg6 6. h4 h6 7. h5 Bh7 8. Bd3 Bxd3 9. cxd3 Ne7 10. Be3 Nd7 11. Nc3 a6 12. O-O Nc8 13. Qg4 Rg8 14. f4 Na7 15. f5 Qe7 16. Rf2 O-O-O 17. Raf1 exf5 18. Rxf5 f6 19. Nce2 Nb5 20. Nf4 fxe5 21. dxe5 Kb8 22. Ng6 Qb4 23. d4 Qxb2 24. Rf7 Qc3 25. R1f3 Qe1+ 26. Kh2 Kc8 27. e6 Nf6 28. R7xf6 gxf6 29. e7+ Kb8 30. exd8=Q+ Ka7 31. Qgc8 Bd6 32. Qa8# 1-0


[Site "https://www.chess.com"]

[Event "Titled Tuesday Blitz May 23 Late 2023"]
[White "Sychev, Klementy"]
[Black "Goncalves, Davi Sulzbacher"]
[WhiteFideId "4114060"]
[BlackFideId "2154510"]
[WhiteElo "2583"]
[BlackElo "2182"]
[Result "1-0"]
[Round "01"]
[TimeControl "180+2"]
[Date "2023.05.23"]
[WhiteClock "0:00:40"]
[BlackClock "0:00:05"]

1. e4 c5 2. Nf3 Nc6 3. d4 cxd4 4. Nxd4 Nf6 5. Nc3 e5 6. Ndb5 d6 7. Bg5 a6 8. Na3 b5 9. Bxf6 gxf6 10. Nd5 f5 11. g3 Bg7 12. exf5 Bxf5 13. Bg2 O-O 14. Ne3 Nd4 15. Nxf5 Nxf5 16. Qd3 e4 17. Bxe4 Bxb2 18. O-O Bxa1 19. Rxa1 Qf6 20. Rd1 Ne7 21. Bxa8 Rxa8 22. Qxd6 Kg7 23. Kg2 Nf5 24. Qd5 Rc8 25. c4 b4 26. Nc2 Re8 27. Rd2 Qc3 28. c5 Re5 29. Qd8 Rxc5 30. Qg5+ 1-0


[Site "https://www.chess.com"]

[Event "Titled Tuesday Blitz May 23 Late 2023"]
[White "Urbina Perez, Juan Antonio"]
[Black "Rustemov, Alexander"]
[WhiteFideId "2217368"]
[BlackFideId "4119002"]
[WhiteElo "2197"]
[BlackElo "2860"]
[Result "0-1"]
[Round "01"]
[TimeControl "180+2"]
[Date "2023.05.23"]
[WhiteClock "0:00:45"]
[BlackClock "0:01:08"]

1. e4 e6 2. d4 d5 3. Nd2 dxe4 4. Nxe4 Bd7 5. Nf3 Bc6 6. Bd3 Nd7 7. O-O Ngf6 8. Ng3 Be7 9. Qe2 Bxf3 10. Qxf3 c6 11. c3 O-O 12. Ne4 Qa5 13. Nxf6+ Nxf6 14. Re1 Qh5 15. Qxh5 Nxh5 16. g3 g6 17. Bh6 Rfd8 18. Rad1 Rd7 19. Bc2 Rad8 20. Be3 a6 21. Kf1 Nf6 22. Bg5 Nd5 23. Bc1 h5 24. a3 Kg7 25. Ke2 b5 26. Be3 Nb6 27. Bc1 a5 28. Bd3 a4 29. Bc2 Nc4 30. Be4 Rc8 31. Bd3 Bf6 32. Bxc4 bxc4 33. Kf3 Rd5 34. Rd2 Rcd8 35. Rde2 c5 36. dxc5 Rxc5 37. h4 Kf8 38. Re4 Ke7 39. Ke2 Rdd5 40. Rd1 Re5 41. Rxe5 Rxe5+ 42. Kf3 Rd5 43. Rxd5 exd5 44. Be3 Ke6 45. Kf4 Be7 46. Bd4 f6 47. g4 Bd6+ 48. Kf3 Bc7 49. Be3 Bd6 50. Bd4 Bf8 51. Kg3 Bh6 52. Bc5 Bc1 53. Bb4 Bxb2 54. f4 f5 55. gxh5 gxh5 56. Kf3 d4 57. cxd4 Bxd4 58. Ke2 Kd5 0-1


[Site "https://www.chess.com"]

[Event "Titled Tuesday Blitz May 23 Late 2023"]
[White "Maksimovic, Bojan"]
[Black "Stork, Oliver"]
[WhiteFideId "14408120"]
[BlackFideId "12955728"]
[WhiteElo "2468"]
[BlackElo "2239"]
[Result "1-0"]
[Round "01"]
[TimeControl "180+2"]
[Date "2023.05.23"]
[WhiteClock "0:00:56"]
[BlackClock "0:00:21"]

1. Nf3 d5 2. g3 Nd7 3. Bg2 e5 4. d3 Ngf6 5. O-O Bd6 6. c3 O-O 7. Qc2 h6 8. Nbd2 c6 9. e4 Re8 10. Re1 a5 11. b3 b6 12. a3 Ba6 13. Bb2 Nc5 14. Bf1 dxe4 15. dxe4 Bxf1 16. Nxf1 a4 17. b4 Nb3 18. Rad1 Qc7 19. Ne3 c5 20. Qe2 cxb4 21. cxb4 Rad8 22. Qb5 Nd4 23. Nxd4 exd4 24. Bxd4 Nxe4 25. Nd5 Qc2 26. Bxb6 Rb8 27. Qd3 Qxd3 28. Rxd3 Ng5 29. Rxe8+ Rxe8 30. Nc3 Re1+ 31. Kg2 Be5 32. Nxa4 Ne4 33. Re3 Rxe3 34. Bxe3 Nd6 35. Nc5 Nc4 36. a4 Bd6 37. a5 Kf8 38. a6 Bb8 39. Nd7+ 1-0


[Site "https://www.chess.com"]

[Event "Titled Tuesday Blitz May 23 Late 2023"]
[White "Principe, Alexander"]
[Black "Talibov, Shiroghlan"]
[WhiteFideId "3804542"]
[BlackFideId "13429078"]
[WhiteElo "2203"]
[BlackElo "2188"]
[Result "0-1"]
[Round "01"]
[TimeControl "180+2"]
[Date "2023.05.23"]
[WhiteClock "0:02:48"]
[BlackClock "0:02:36"]

1. e4 Nf6 2. e5 Nd5 3. d4 d6 4. exd6 cxd6 5. Bd3 g6 6. Ne2 Bg7 7. a3 O-O 8. c4 Nb6 9. Nbc3 Nc6 10. Be3 d5 11. c5 Nc4 12. b3 Nxe3 13. fxe3 e5 14. Bb5 exd4 15. exd4 Nxd4 16. Qd2 Nxe2 17. Qh6 0-1


[Site "https://www.chess.com"]

[Event "Titled Tuesday Blitz May 23 Late 2023"]
[White "Moroni, Luca Jr"]
[Black "cristianserban1"]
[WhiteFideId "865834"]
[WhiteElo "2569"]
[BlackElo "2462"]
[Result "0-1"]
[Round "01"]
[TimeControl "180+2"]
[Date "2023.05.23"]
[WhiteClock "0:00:35"]
[BlackClock "0:00:11"]

1. b3 d5 2. Bb2 Nf6 3. Nf3 Bf5 4. g3 e6 5. Bg2 c6 6. O-O h6 7. d3 Be7 8. Nbd2 O-O 9. Re1 a5 10. a3 Nbd7 11. e4 Bh7 12. h3 Qb6 13. Rb1 Rfd8 14. Qe2 Qa6 15. e5 Ne8 16. a4 b5 17. Ra1 b4 18. Nd4 Nc7 19. f4 c5 20. N4f3 Nb6 21. Bf1 Rac8 22. Qg2 Qb7 23. g4 c4 24. dxc4 dxc4 25. Nxc4 Nxc4 26. Bxc4 Bxc2 27. f5 Be4 28. Rf1 Nd5 29. Rae1 Bc5+ 30. Kh1 Ne3 31. Rxe3 Bxe3 32. fxe6 Rxc4 33. exf7+ Qxf7 34. bxc4 Rf8 35. e6 Qb7 36. Kh2 Bxf3 37. e7 Bf4+ 38. Kg1 Bxg2 39. exf8=Q+ Kxf8 40. Rxf4+ Kg8 41. c5 Bxh3 42. Rf2 Qd5 43. Kh2 Bxg4 44. Rg2 Bf3 45. Rxg7+ Kf8 46. Rg3 Qd2+ 47. Kh3 Qxb2 48. Rxf3+ Ke7 49. Kg4 Qd4+ 50. Kf5 Qxc5+ 51. Kg6 Qc3 52. Rf7+ Ke8 53. Ra7 Qc6+ 54. Kh7 b3 55. Kh8 b2 56. Rf7 Kxf7 57. Kh7 b1=Q+ 58. Kh8 Qe8# 0-1


[Site "https://www.chess.com"]

[Event "Titled Tuesday Blitz May 23 Late 2023"]
[White "ArrestingPieces"]
[Black "Karacsonyi, Gellert"]
[BlackFideId "764620"]
[WhiteElo "2461"]
[BlackElo "2303"]
[Result "1-0"]
[Round "01"]
[TimeControl "180+2"]
[Date "2023.05.23"]
[WhiteClock "0:01:02"]
[BlackClock "0:00:14"]

1. d4 Nf6 2. Nf3 d5 3. Bf4 e6 4. c3 c5 5. e3 Nc6 6. Nbd2 Bd6 7. Bg3 Qc7 8. dxc5 Bxg3 9. hxg3 e5 10. Be2 Bd7 11. b4 e4 12. Nd4 Ne5 13. c4 Bg4 14. cxd5 Bxe2 15. Qxe2 Nd3+ 16. Kf1 Nxb4 17. Qb5+ Kf8 18. Qxb4 Nxd5 19. Qa3 Kg8 20. Rh4 h6 21. Nxe4 Re8 22. Nd6 Re5 23. Qb3 b6 24. cxb6 Qxd6 25. bxa7 Qa6+ 26. Kg1 Kh7 27. Nf3 Rf5 28. e4 Rxf3 29. Qxf3 Nf6 30. e5 Nd7 31. Qf5+ 1-0


[Site "https://www.chess.com"]

[Event "Titled Tuesday Blitz May 23 Late 2023"]
[White "Mahdavi, Reza"]
[Black "Yeritsyan, Hayk"]
[WhiteFideId "12595926"]
[BlackFideId "13307320"]
[WhiteElo "2352"]
[BlackElo "2458"]
[Result "1-0"]
[Round "01"]
[TimeControl "180+2"]
[Date "2023.05.23"]
[WhiteClock "0:00:54"]
[BlackClock "0:00:02"]

1. e4 c6 2. d4 d5 3. e5 c5 4. dxc5 e6 5. a3 Bxc5 6. b4 Bb6 7. Nf3 Ne7 8. Bb2 Nbc6 9. Bd3 Ng6 10. b5 Nce7 11. g3 O-O 12. Nbd2 f6 13. O-O Nxe5 14. Nxe5 fxe5 15. Bxe5 Bd7 16. Qe2 Nf5 17. Nb3 Qg5 18. Kh1 Rac8 19. Rae1 Kh8 20. a4 Bd8 21. f4 Qh6 22. Kg2 Bf6 23. Bxf5 Bxe5 24. fxe5 exf5 25. e6 Be8 26. Nd4 f4 27. Qe5 Bg6 28. e7 Rfe8 29. Rxf4 Be4+ 30. Kg1 Qb6 31. Ref1 h6 32. Rf8+ Kh7 33. R1f7 Qg6 34. Ne6 Rxe7 35. Rxe7 Rxf8 36. Nxf8+ 1-0


[Site "https://www.chess.com"]

[Event "Titled Tuesday Blitz May 23 Late 2023"]
[White "Rottenwohrer Suarez, Juan"]
[Black "Krzyzanowski, Marcin"]
[WhiteFideId "32068182"]
[BlackFideId "1132199"]
[WhiteElo "2174"]
[BlackElo "2471"]
[Result "0-1"]
[Round "01"]
[TimeControl "180+2"]
[Date "2023.05.23"]
[WhiteClock "0:00:00"]
[BlackClock "0:00:26"]

1. d4 Nf6 2. c4 d6 3. Nf3 g6 4. Nc3 Bf5 5. Nh4 Bd7 6. e4 e5 7. d5 Bg7 8. Nf3 a5 9. Be2 Na6 10. Be3 O-O 11. Nd2 Nc5 12. g4 Ne8 13. h4 a4 14. h5 Bf6 15. Qc2 Bg5 16. Bxg5 Qxg5 17. O-O-O Nf6 18. Kb1 Nxg4 19. Rdg1 Qf4 20. Bxg4 Bxg4 21. Rh4 f5 22. hxg6 hxg6 23. f3 Qe3 24. Rgh1 Bh5 25. Nf1 Qe1+ 26. Nd1 fxe4 27. fxe4 Rxf1 0-1


[Site "https://www.chess.com"]

[Event "Titled Tuesday Blitz May 23 Late 2023"]
[White "Licznerski, Lukasz"]
[Black "Dobre, Claudiu-Cristian"]
[WhiteFideId "1179250"]
[BlackFideId "1211854"]
[WhiteElo "2453"]
[BlackElo "2207"]
[Result "1-0"]
[Round "01"]
[TimeControl "180+2"]
[Date "2023.05.23"]
[WhiteClock "0:00:02"]
[BlackClock "0:00:00"]

1. e4 Nc6 2. Nf3 d6 3. d4 Nf6 4. Nc3 e5 5. Bb5 Bd7 6. O-O exd4 7. Nxd4 Be7 8. Bf4 O-O 9. Bxc6 bxc6 10. e5 dxe5 11. Bxe5 Bd6 12. Bg3 Rb8 13. Nb3 Bf5 14. Rc1 c5 15. Qf3 Qc8 16. Qc6 Bd7 17. Qf3 c4 18. Nd2 Qa6 19. Bxd6 cxd6 20. b3 cxb3 21. axb3 Qa5 22. Nc4 Qc5 23. Ne4 Nxe4 24. Qxe4 Rfe8 25. Qd3 Re6 26. Rcd1 Bb5 27. Rb1 Bxc4 28. bxc4 Rb6 29. Ra1 a5 30. h3 g6 31. Ra4 Rb4 32. Rxb4 axb4 33. Rb1 1-0


[Site "https://www.chess.com"]